 Dungeon Crawl Stone Soup version 0.24.0-123-gd5b16e6ec5 (webtiles) character file.

Game seed: 9920911116368435382, levelgen mode: deterministic

355093 marak the Geomancer (level 22, -3/136 HPs)
             Began as a Gargoyle Earth Elementalist on Dec 19, 2019.
             Was a High Priest of Sif Muna.
             Slain by an azure jelly (16 damage)
             ... created by the Royal Jelly
             ... on level 5 of the Pits of Slime on Dec 20, 2019.
             The game lasted 03:04:32 (45799 turns).

marak the Geomancer (Gargoyle Earth Elementalist)  Turns: 45799, Time: 03:04:33

Health: -3/136     AC: 26    Str: 19    XL:     22   Next: 31%
Magic:  0/41       EV: 18    Int: 33    God:    Sif Muna [*****.]
Gold:   1102       SH:  0    Dex: 15    Spells: 3/41 levels left

rFire    . . .     SeeInvis .   C - +9 war axe (flame)
rCold    + . .     Gourm    .   (no shield)
rNeg     + . .     Faith    .   N - +4 moon troll leather armour {Spirit, Regen++ MP+5}
rPois    ∞         Spirit   +   o - +2 helmet
rElec    +         Reflect  .   c - +2 cloak
rCorr    .         Harm     .   X - +3 pair of gauntlets of War {Slay+5}
MR       +....                  I - +2 pair of boots "Yfoteargh" {Str+6 Slay+2}
Stlth    ++++......             P - amulet of magic regeneration
HPRegen  2.12/turn              E - ring of Wiesuthre {rC+ Int+3 Dex+5}
MPRegen  0.52/turn              l - ring "Etouph" {Wiz Int+5}

@: corroded, regenerating (expiring), studying Short Blades
A: big wings, rugged brown scales 1, negative energy resistance 1, electricity
resistance, unbreathing, petrification resistance, rot immunity, AC +16
}: 2/15 runes: decaying, serpentine
a: Fly, Channel Magic, Forget Spell, Divine Exegesis, Renounce Religion


You were on level 5 of the Pits of Slime.
You worshipped Sif Muna.
Sif Muna was extremely pleased with you.
You were not hungry.

You visited 9 branches of the dungeon, and saw 42 of its levels.
You visited the Abyss 1 time.
You also visited: Trove and Gauntlet.

You collected 4602 gold pieces.
You spent 3500 gold pieces at shops.

Inventory:

Hand Weapons
 a - the +6 arbalest "Damnation" {damnation}
   (You found it on level 1 of the Elven Halls)
 b - the +9 sword of Zonguldrok {reap}
   (You found it on level 13 of the Dungeon)

   If a monster killed with it leaves a corpse in good enough shape, the corpse
   will be animated as a zombie friendly to the killer.
 C - a +9 war axe of flaming (weapon)
 M - the +9 heavy crossbow "Sniper" {velocity, Acc+∞ SInv}
   (You found it on level 13 of the Dungeon)

   Any bolt fired from it inflicts extra damage.
   It lets you see invisible.
 Q - a +5 short sword of venom
Missiles
 g - 20 silver javelins
 k - 630 stones
 m - 6 curare-tipped darts
 r - 9 atropa-tipped darts
 R - 58 poisoned darts (quivered)
 U - 134 bolts
Armour
 c - a +2 cloak (worn)
 e - a +3 buckler
 o - a +2 helmet (worn)
 I - the +2 pair of boots "Yfoteargh" (worn) {Str+6 Slay+2}
   (You found it in a Gauntlet)

   It affects your strength (+6).
   It affects your accuracy and damage with ranged weapons and melee attacks
   (+2).
 N - the +4 moon troll leather armour (worn) {Spirit, Regen++ MP+5}
   (You found it on level 8 of the Dungeon)

   It affects your magic capacity (+5).
   It increases your rate of regeneration.
 X - the +3 pair of gauntlets of War (worn) {Slay+5}
   (You found it on level 3 of the Elven Halls)

   It affects your accuracy and damage with ranged weapons and melee attacks
   (+5).
Jewellery
 l - the ring "Etouph" (right hand) {Wiz Int+5}
   (You bought it in a shop on level 2 of the Orcish Mines)

   [ring of wizardry]

   It improves your spell success rate.
   It affects your intelligence (+5).
 E - the ring of Wiesuthre (left hand) {rC+ Int+3 Dex+5}
   (You took it off a deep elf elementalist on level 3 of the Elven Halls)

   [ring of protection from cold]

   It affects your intelligence (+3).
   It affects your dexterity (+5).
   It protects you from cold.
 F - a +6 ring of strength
 J - the amulet "Boasch" {+Rage rElec rC- rN+ Int+6}
   (You acquired it on level 1 of the Vaults)

   [amulet of rage]

   It affects your intelligence (+6).
   It makes you vulnerable to cold.
   It insulates you from electricity.
   It protects you from negative energy.
   It lets you go berserk.
 P - an amulet of magic regeneration (around neck)
Wands
 v - a wand of digging (6)
 x - a wand of enslavement (3)
 z - a wand of iceblast (14)
 B - a wand of disintegration (45)
 S - a wand of acid (24)
 Y - a wand of paralysis (25)
Scrolls
 j - 6 scrolls of fear
 w - 4 scrolls of magic mapping
 y - 19 scrolls of remove curse
 D - 6 scrolls of identify
 L - 4 scrolls of immolation
 O - 4 scrolls of fog
 T - 12 scrolls of teleportation
Potions
 f - 9 potions of agility
 h - 23 potions of curing
 n - 6 potions of mutation
 p - 3 potions of brilliance
 q - a potion of magic
 t - a potion of resistance
 u - 2 potions of invisibility
 A - 3 potions of might
 G - 4 potions of haste
 K - 6 potions of lignification
 W - a potion of cancellation
Books
 s - a manual of Short Blades
Miscellaneous
 H - a fan of gales
 V - a phial of floods (inert)
 Z - a lamp of fire (inert)
Comestibles
 d - 22 rations


   Skills:
 + Level 12.7 Fighting
 + Level 9.2(10.5) Short Blades
 + Level 8.1(10.0) Long Blades
 + Level 9.6 Axes
   Level 0.1(6.5) Maces & Flails
 + Level 10.2 Crossbows
 - Level 6.0 Throwing
 + Level 9.9 Armour
 + Level 9.3 Dodging
 + Level 8.6 Stealth
 - Level 4.0 Shields
 + Level 10.1 Spellcasting
 + Level 11.6 Conjurations
 - Level 5.0 Charms
 + Level 5.4 Summonings
 - Level 5.0 Necromancy
 + Level 5.9 Translocations
 - Level 5.0 Transmutations
 - Level 5.0 Air Magic
 + Level 13.3 Earth Magic
 - Level 5.0 Poison Magic
 + Level 11.4 Invocations
 + Level 9.8 Evocations


You had 3 spell levels left.
You knew the following spells:

 Your Spells              Type           Power        Failure   Level  Hunger
a - Iron Shot             Conj/Erth      #######...   1%          6    #####..
b - Summon Lightning Spi  Summ/Air       ######..     1%          4    None
c - Lee's Rapid Deconstr  Erth           #######...   1%          5    ###....
d - Mephitic Cloud        Conj/Pois/Air  ######..     1%          3    None
e - Stone Arrow           Conj/Erth      ######       1%          3    None
f - Regeneration          Chrm/Necr      #####.....   1%          3    None
g - Sandblast             Erth           ######       0%          1    None
h - Controlled Blink      Tloc           N/A          99%         8    #######
v - Apportation           Tloc           ######       1%          1    None
x - Passwall              Tmut/Erth      ######..     1%          2    None
y - Blink                 Tloc           N/A          1%          2    None

Your spell library contained the following spells:

 Spells                   Type           Power        Failure   Level  Hunger
 Animate Skeleton         Necr           N/A          1%          1    None
 Beastly Appendage        Tmut           #####.       1%          1    None
 Confusing Touch          Hex            ###...       1%          1    None
 Corona                   Hex            ###....      1%          1    None
 Flame Tongue             Conj/Fire      #####        1%          1    None
 Magic Dart               Conj           ####         1%          1    None
 Pain                     Necr           ####         1%          1    None
 Shock                    Conj/Air       ####         1%          1    None
 Sting                    Conj/Pois      ####         1%          1    None
 Summon Butterflies       Summ           ######..     1%          1    None
 Summon Small Mammal      Summ           ####         1%          1    None
 Call Imp                 Summ           ######..     1%          2    None
 Ensorcelled Hibernation  Hex/Ice        ###...       1%          2    None
 Poisonous Vapours        Pois/Air       #####.       1%          2    None
 Searing Ray              Conj           ######       1%          2    None
 Shroud of Golubria       Chrm/Tloc      ######       1%          2    None
 Slow                     Hex            ###.....     1%          2    None
 Sticks to Snakes         Tmut           #####...     1%          2    None
 Swiftness                Chrm/Air       #####...     1%          2    None
 Throw Flame              Conj/Fire      ######       1%          2    None
 Call Canine Familiar     Summ           ######..     1%          3    None
 Conjure Flame            Conj/Fire      ######..     1%          3    None
 Dazzling Spray           Conj/Hex       ######       1%          3    None
 Gell's Gravitas          Tloc           ######....   1%          3    None
 Ignite Poison            Fire/Tmut/Pois #####...     1%          3    None
 Lesser Beckoning         Tloc           ######....   1%          3    None
 Ozocubu's Armour         Chrm/Ice       ####....     1%          3    None
 Portal Projectile        Hex/Tloc       #####.       1%          3    None
 Recall                   Summ/Tloc      N/A          1%          3    None
 Spectral Weapon          Hex/Chrm       ####....     1%          3    None
 Spider Form              Tmut/Pois      #####.....   1%          3    None
 Static Discharge         Conj/Air       ######..     1%          3    None
 Summon Guardian Golem    Hex/Summ       ####....     1%          3    None
 Teleport Other           Tloc           ######..     1%          3    None
 Vampiric Draining        Necr           #####.....   1%          3    None
 Confuse                  Hex            ###.....     4%          3    None
 Inner Flame              Hex/Fire       ###.....     4%          3    None
 Tukima's Dance           Hex            ###.....     4%          3    None
 Airstrike                Air            #####.....   1%          4    None
 Animate Dead             Necr           N/A          1%          4    None
 Force Lance              Conj/Tloc      ######..     1%          4    None
 Fulminant Prism          Conj/Hex       ######....   1%          4    None
 Iskenderun's Mystic Bla  Conj           #######.     1%          4    None
 Leda's Liquefaction      Hex/Erth       ######....   1%          4    None
 Olgreb's Toxic Radiance  Pois           #####...     1%          4    None
 Passage of Golubria      Tloc           N/A          1%          4    None
 Petrify                  Tmut/Erth      ######..     1%          4    None
 Sticky Flame             Conj/Fire      ######..     1%          4    None
 Throw Icicle             Conj/Ice       ######..     1%          4    None
 Bolt of Draining         Conj/Necr      ######....   1%          5    ###....
 Bolt of Magma            Conj/Fire/Erth ######....   1%          5    ###....
 Borgnjor's Vile Clutch   Necr/Erth      ######....   1%          5    ###....
 Irradiate                Conj/Tmut      ######....   1%          5    ###....
 Iskenderun's Battlesphe  Conj/Chrm      ######..     1%          5    ###....
 Lightning Bolt           Conj/Air       ######....   1%          5    ###....
 Venom Bolt               Conj/Pois      ######....   1%          5    ###....
 Fireball                 Conj/Fire      ######....   3%          5    ###....
 Summon Forest            Summ/Tloc      ######....   3%          5    ###....
 Ice Form                 Ice/Tmut       ####....     4%          4    None
 Summon Ice Beast         Ice/Summ       ####....     4%          4    None
 Alistair's Intoxication  Tmut/Pois      #####...     4%          5    ###....
 Aura of Abjuration       Summ           ######....   4%          5    ###....
 Blade Hands              Tmut           #####.....   4%          5    ###....
 Summon Demon             Summ           ######....   4%          5    ###....
 Poison Arrow             Conj/Pois      ######....   6%          6    #####..
 Conjure Ball Lightning   Conj/Air       ######....   7%          6    #####..
 Orb of Destruction       Conj           #######...   10%         7    ######.
 Summon Mana Viper        Hex/Summ       ####....     12%         5    ###....
 Cause Fear               Hex            ###.......   13%         4    None
 Silence                  Hex/Air        ####......   13%         5    ###....
 Yara's Violent Unravell  Hex/Tmut       ####......   13%         5    ###....
 Dispersal                Tloc           ######....   17%         6    #####..
 Bolt of Cold             Conj/Ice       ######....   19%         6    #####..
 Bolt of Fire             Conj/Fire      ######....   19%         6    #####..
 Shadow Creatures         Summ           N/A          21%         6    #####..
 Deflect Missiles         Chrm/Air       #####.....   26%         6    #####..
 Hydra Form               Tmut           #####.....   26%         6    #####..
 Metabolic Englaciation   Hex/Ice        ###.......   32%         5    ###....
 Spellforged Servitor     Conj/Summ      ######....   32%         7    ######.
 Simulacrum               Ice/Necr       ####......   54%         6    #####..
 Summon Hydra             Summ           ######....   71%         7    ######.
 Haunt                    Necr/Summ      ######....   75%         7    ######.
 Dragon Form              Tmut           #####.....   77%         7    ######.
 Darkness                 Hex            ###.......   86%         6    #####..
 Ring of Flames           Chrm/Fire      ####......   98%         7    ######.
 Disjunction              Tloc           ######....   99%         8    #######
 Shatter                  Erth           #######...   99%         9    #######
 Ignition                 Fire           ###.......   100%        8    #######
 Necromutation            Tmut/Necr      #####.....   100%        8    #######
 Summon Horrible Things   Summ           ######....   100%        8    #######
 Dragon's Call            Summ           ######....   100%        9    #######
 Fire Storm               Conj/Fire      ######....   100%        9    #######
 Glaciate                 Conj/Ice       ######....   100%        9    #######
 Tornado                  Air            #####.....   100%        9    #######
 Sublimation of Blood     Necr           Unusable     N/A         2    N/A
 Statue Form              Tmut/Erth      Unusable     N/A         6    N/A

Dungeon Overview and Level Annotations

Branches:
Dungeon (15/15)            Temple (1/1) D:6            Lair (6/6) D:10
  Swamp (4/4) Lair:4        Snake (4/4) Lair:3        Slime (5/5) Lair:6
    Orc (2/2) D:9             Elf (3/3) Orc:2        Vaults (2/5) D:14
 Depths (0/5) D:15        Gauntlet (visited)
  Crypt: Vaults:2-3

Altars:
Ashenzari
Cheibriados
Dithmenos
Elyvilon
Fedhas
Gozag
Hepliaklqana
Kikubaaqudgha
Makhleb
Nemelex Xobeh
Okawaru
Qazlal
Ru
Sif Muna
Trog
Uskayaw
Vehumet
Wu Jian
Xom
Yredelemnul
Zin
The Shining One
Beogh
Jiyva

Shops:
D:4 ?   D:10 (   D:13 (   Orc:1 (   Orc:2 =[(}   Elf:1 ?=   Elf:2 !   Elf:3 [
Snake:1 :   Snake:2 =   Snake:3 :*   Vaults:2 (

Annotations:
Slime:5 Royal Jelly
Orc:2 2 transporters, Delamore's ghost, journeyman HOFi
Elf:3 3 runed translucent doors, ReteAZ's ghost, adept GrFi
Vaults:2 Sojobo


Innate Abilities, Weirdness & Mutations

You are resistant to torment.
Your stone body is resilient. (AC +16)
You are immune to poison.
Your large and strong wings let you fly indefinitely.
You resist negative energy. (rN+)
You are resistant to electric shocks. (rElec)
You can survive without breathing.
You are immune to petrification.
You are immune to rotting.
You are partially covered in rugged brown scales. (AC +1, +3% HP)


Message History

Evoke which item? (* to show all) (? for menu, Esc to quit)
Okay, then.
You feel much better. The death ooze misses you.
The death ooze closely misses you. The azure jelly closely misses you.
The azure jelly hits you but does no damage.
The azure jelly misses you. The azure jelly barely misses you.
The acid blob spits acid at you.
The splash of acid hits you but does no damage.
The acid corrodes you!
You are splashed with acid!
* * * LOW HITPOINT WARNING * * *
The death ooze closely misses you.
The death ooze hits you but does no damage.
The acid blob hits you but does no damage.
An eye of devastation comes into view.
The acid blob spits acid at you. The splash of acid misses you.
The splash of acid hits the death ooze.
The death ooze completely resists.
The azure jelly hits you.
* * * LOW HITPOINT WARNING * * *
The azure jelly freezes you! You resist.
You die...

.......................
..................#
.................#
..............### ##
.....☼........#### .#
...°.○..J......#.## ###.#
...○..☼.JJ........####.#.##
...§○○°JJJJ........#.......
...≈≈≈§JJJ@.....<........#
#..G≈≈..JJJJ.............#
###.....JJJ..............#
##.....................##
##.
$$$##.....................#
#..##):
###..................##
#.##$)=
#....................
#..##/}
#....................
##.#|#?
#....................


You could see the Royal Jelly, 5 acid blobs, 4 azure jellies, an eye of
devastation and 7 death oozes.

Vanquished Creatures
  Bai Suzhen (Snake:3)
  Nikola (Snake:3)
  A bone dragon (D:13)
  2 deep elf master archers (Elf:3)
  2 deep elf blademasters (Elf:3)
  22 acid blobs
  Frances (D:12)
  5 nagarajas
  7 azure jellies
  3 vault wardens
  4 orc warlords
  6 deep elf sorcerers (Elf:3)
  An ironheart preserver (Vaults:1)
  5 deep elf elementalists
  A stone giant (Orc:1)
  5 deep elf demonologists
  Azrael (D:14)
  3 deep elf annihilators (Elf:3)
  A minotaur (Gauntlet)
  A deep elf death mage (Elf:3)
  A fire dragon (Lair:6)
  An ettin (D:15)
  A death ooze (Slime:5)
  2 yaktaur captains (Vaults:1)
  2 great orbs of eyes
  8 deep elf high priests (Elf:3)
  9 hydras
  2 vault guards (Vaults:1)
  12 naga warriors
  A catoblepas (D:15)
  2 ice dragons (Swamp:4)
  A shambling mangrove (Swamp:2)
  6 centaur warriors
  2 ghost crabs (Swamp:1)
  11 anacondas
  2 ogre magi
  8 two-headed ogres
  A queen ant (Lair:2)
  A deep troll earth mage (D:13)
  A death knight (D:15)
  8 alligators
  28 dancing weapons
  An orc high priest (Orc:2)
  The ghost of Huibon the Carver, a novice DsWr (D:10)
  5 shock serpents
  7 naga sharpshooters (Snake:4)
  14 deep elf knights
  2 unseen horrors
  A death drake (Gauntlet)
  4 skeletal warriors
  2 salamander mystics (Snake:3)
  A glowing orange brain (Vaults:1)
  4 sea snakes (Snake:4)
  2 swamp dragons
  3 wizards
  2 deep trolls
  A flayed ghost (Vaults:1)
  12 deep elf archers
  2 ironbrand convokers
  4 lindwurms
  Pikel (D:9)
  8 naga ritualists
  A lindwurm (shapeshifter) (D:14)
  3 wolf spider zombies (D:13)
  4 orc knights
  17 ugly things
  13 mana vipers
  A necromancer (D:13)
  6 orc sorcerers (Orc:2)
  2 wolf spiders
  53 deep elf magi
  6 shining eyes
  2 oklob plants (Lair:6)
  A cyclops (Vaults:1)
  7 salamanders
  2 large abominations
  4 manticores
  2 guardian serpents (Snake:2)
  16 naga magi
  3 vault sentinels
  33 black mambas
  Joseph (Lair:1)
  Maurice (Orc:2)
  8 elephants
  2 eyes of devastation
  3 molten gargoyles (Lair:6)
  A gargoyle (D:14)
  9 spiny frogs
  9 kobold demonologists
  A minotaur zombie (Gauntlet)
  3 rime drakes
  9 komodo dragons
  A redback zombie (D:13)
  2 demonic crawlers (D:15)
  An efreet (D:15)
  5 freezing wraiths
  5 tengu conjurers
  11 yaktaurs
  An ice devil (Gauntlet)
  An ancient zyme (Abyss:4)
  9 trolls
  13 tyrant leeches
  A harpy zombie (D:15)
  4 hornets
  A tyrant leech (shapeshifter) (D:15)
  A queen bee (shapeshifter) (Vaults:1)
  A polar bear (Lair:4)
  3 blink frogs (Lair:4)
  5 dream sheep (Lair:6)
  74 slime creatures
  6 hippogriffs
  4 bog bodies
  A centaur simulacrum (D:14)
  2 air elementals
  A spriggan (Lair:4)
  2 shadows
  4 wyverns
  13 wraiths
  A human (D:8)
  A water elemental (Elf:2)
  35 yaks
  8 basilisks
  7 fire elementals
  A human (shapeshifter) (Vaults:2)
  3 hogs (D:8)
  18 vampire mosquitoes
  4 swamp worm simulacra (Swamp:4)
  Menkaure (D:5)
  2 hungry ghosts
  An acid dragon (D:14)
  6 wargs
  29 nagas
  Edmund (D:4)
  7 swamp worms
  12 water moccasins
  5 insubstantial wisps (Swamp:2)
  5 hell hounds
  5 soldier ants (Lair:2)
  12 hydra simulacra (Swamp:4)
  11 porcupines
  3 swamp drakes
  40 orc warriors
  5 sky beasts
  3 ice beasts
  7 phantoms
  2 hornet zombies
  16 ogres
  A black bear (Lair:4)
  A necrophage (D:11)
  5 boggarts (Vaults:1)
  6 eyes of draining
  18 wolves
  23 centaurs
  14 crocodiles
  5 big kobolds
  An elf zombie (D:7)
  Blork the orc (D:4)
  20 bullfrogs
  3 earth elementals
  A water moccasin zombie (D:10)
  3 wyvern skeletons
  9 scorpions
  16 killer bees
  4 wights
  4 crimson imps
  2 howler monkeys
  5 lava snakes (Lair:6)
  11 centaur zombies
  3 jellies
  2 quasits
  A gnoll shaman (D:8)
  18 orc priests
  A bullfrog zombie (D:12)
  6 hounds
  5 human zombies (D:7)
  8 centaur skeletons
  2 bullfrog skeletons
  8 iguanas
  Ijyb (D:4)
  19 orc wizards
  4 hell rats (Lair:2)
  34 worker ants
  2 hound zombies (D:9)
  3 mummies (D:7)
  2 worker ant zombies
  Robin (D:2)
  7 adders
  7 gnolls (D:8)
  A river rat (Lair:6)
  4 white imps (Gauntlet)
  A swamp drake simulacrum (Swamp:4)
  An adder zombie (D:8)
  2 adder skeletons
  9 worms
  A dart slug (D:2)
  9 leopard geckos
  110 orcs
  A ball python (D:15)
  10 giant cockroaches
  13 goblins
  6 hobgoblins
  9 jackals
  30 kobolds
  4 quokkas
  8 bats
  3 frilled lizards
  A jackal zombie (D:5)
  A leopard gecko skeleton (D:7)
  5 rats
  A fungus (Lair:2)
  A plant (D:3)
1424 creatures vanquished.

Vanquished Creatures (collateral kills)
  2 nagarajas (Snake:4)
  2 vault wardens (Vaults:1)
  2 deep elf elementalists (Elf:3)
  A death ooze (Slime:5)
  A deep elf death mage (Elf:3)
  An ice dragon (Swamp:4)
  A shambling mangrove (Swamp:4)
  2 alligators
  2 naga sharpshooters (Snake:4)
  2 deep elf knights (Elf:3)
  2 naga ritualists (Snake:4)
  A mana viper (Snake:2)
  An ugly thing (D:14)
  A cyclops (Vaults:1)
  3 elephants (Lair:6)
  A naga mage (Snake:4)
  An efreet (D:15)
  A spiny frog (Lair:2)
  A kobold demonologist (D:13)
  A freezing wraith (Vaults:1)
  A tengu conjurer (D:13)
  2 hornets
  13 yaks
  4 basilisks
  A hungry ghost (D:14)
  4 nagas
  4 water moccasins
  2 orc warriors (Orc:2)
  A wolf (Lair:1)
  An ogre (Orc:1)
  2 crocodiles
  A bullfrog (Lair:6)
  A hornet simulacrum (D:15)
  A scorpion (D:14)
  An iguana (D:15)
  3 hell rats (Lair:2)
  A worker ant (Lair:2)
  3 swamp drake simulacra (Swamp:4)
  A worm (D:15)
  8 orcs
  4 ball pythons (D:15)
  3 frilled lizards (D:15)
  6 fungi
  2 plants (Lair:2)
99 creatures vanquished.

Vanquished Creatures (others)
  An ironheart preserver (Vaults:1)
  An ice dragon (Swamp:4)
  A naga warrior (Snake:4)
  A shambling mangrove (Swamp:4)
  2 alligators (Swamp:4)
  An unseen horror (Vaults:1)
  A wizard (Vaults:1)
  A black mamba (Snake:3)
  3 hornets (Swamp:4)
  4 slime creatures (Swamp:4)
  A water elemental (Elf:3)
  2 nagas
  2 slaves (D:9)
  An ogre (Vaults:2)
  An orc wizard (D:9)
  An orc (D:9)
  A demonic plant (Gauntlet)
  8 fungi
  7 plants
40 creatures vanquished.

Grand Total: 1563 creatures vanquished

Notes
Turn   | Place    | Note
-------+----------+-------------------------------------------
     0 | D:1      | marak the Gargoyle Earth Elementalist began the quest for
                  | the Orb.
     0 | D:1      | Reached XP level 1. HP: 10/10 MP: 3/3
   355 | D:1      | Reached XP level 2. HP: 15/16 MP: 5/5
   419 | D:1      | Learned a level 2 spell: Passwall
  1122 | D:1      | Reached XP level 3. HP: 12/20 MP: 0/6
  1131 | D:1      | Learned a level 3 spell: Stone Arrow
  1262 | D:2      | Reached skill level 1 in Transmutations
  1347 | D:2      | Reached skill level 1 in Fighting
  1385 | D:2      | Reached skill level 1 in Armour
  1411 | D:2      | Noticed Robin
  1422 | D:2      | Killed Robin
  1566 | D:2      | Reached XP level 4. HP: 19/25 MP: 5/7
  1851 | D:2      | Found a glowing golden altar of the Shining One.
  2151 | D:2      | Became a worshipper of the Shining One
  2229 | D:3      | Reached skill level 1 in Conjurations
  2229 | D:3      | Reached skill level 4 in Earth Magic
  2920 | D:4      | Noticed Blork the orc
  2930 | D:4      | Killed Blork the orc
  2930 | D:4      | Reached XP level 5. HP: 30/30 MP: 2/8
  3046 | D:4      | Found Wiheari's Magic Scroll Boutique.
  3059 | D:4      | Bought a scroll of remove curse for 36 gold pieces
  3059 | D:4      | Bought a scroll of teleportation for 36 gold pieces
  3059 | D:4      | Bought a scroll of magic mapping for 42 gold pieces
  3059 | D:4      | Bought a scroll of remove curse for 36 gold pieces
  3059 | D:4      | Bought a scroll of magic mapping for 42 gold pieces
  3059 | D:4      | Bought a scroll of identify for 24 gold pieces
  3059 | D:4      | Bought a scroll of enchant weapon for 90 gold pieces
  3082 | D:4      | Noticed a phantom
  3092 | D:4      | Killed a phantom
  3092 | D:4      | Reached skill level 1 in Throwing
  3092 | D:4      | Reached XP level 6. HP: 26/35 MP: 1/10
  3188 | D:4      | Noticed Edmund
  3190 | D:4      | Noticed Ijyb
  3207 | D:4      | Killed Edmund
  3318 | D:4      | Killed Ijyb
  3318 | D:4      | Reached XP level 7. HP: 40/40 MP: 6/11
  3687 | D:4      | Reached * piety under the Shining One
  3847 | D:5      | Entered Level 5 of the Dungeon
  4018 | D:5      | Reached skill level 1 in Invocations
  4027 | D:5      | Noticed Menkaure
  4034 | D:5      | Killed Menkaure
  4069 | D:5      | Reached skill level 5 in Earth Magic
  4069 | D:5      | Reached skill level 1 in Evocations
  4069 | D:5      | Reached XP level 8. HP: 39/45 MP: 12/12
  4386 | D:5      | Found a radiant altar of Vehumet.
  4462 | D:5      | Found an opulent altar of Gozag.
  4517 | D:5      | Reached skill level 1 in Axes
  5257 | D:6      | Learned a level 2 spell: Blink
  5263 | D:6      | Learned a level 5 spell: Lee's Rapid Deconstruction
  5349 | D:6      | Found a glowing golden altar of the Shining One.
  5462 | D:6      | Found a staircase to the Ecumenical Temple.
  5464 | D:6      | Found a faded altar of an unknown god.
  5471 | Temple   | Entered the Ecumenical Temple
  5484 | Temple   | Fell from the grace of the Shining One
  5484 | Temple   | Became a worshipper of Sif Muna the Loreminder
  5812 | D:7      | Noticed a wyvern
  5820 | D:7      | Killed a wyvern
  5820 | D:7      | Reached XP level 9. HP: 29/51 MP: 8/14
  6229 | D:7      | Reached skill level 5 in Stealth
  6229 | D:7      | Reached skill level 1 in Translocations
  6366 | D:7      | Found a snail-covered altar of Cheibriados.
  6614 | D:7      | Reached skill level 1 in Shields
  6682 | D:7      | Found an ancient bone altar of Kikubaaqudgha.
  7368 | D:8      | Reached * piety under Sif Muna
  7521 | D:8      | Found an ornate altar of the Wu Jian Council.
  7551 | D:8      | Reached skill level 6 in Earth Magic
  7572 | D:8      | Reached XP level 10. HP: 47/57 MP: 3/16
  8317 | D:8      | Found the +4 moon troll leather armour {Spirit, Regen++
                  | MP+5}
  9001 | D:9      | Found a staircase to the Orcish Mines.
  9068 | D:9      | Noticed Pikel
  9079 | D:9      | Killed Pikel
  9248 | D:9      | Found a blossoming altar of Fedhas.
  9275 | D:9      | Reached ** piety under Sif Muna
  9503 | D:9      | Found a roughly hewn altar of Beogh.
  9836 | D:10     | Entered Level 10 of the Dungeon
  9932 | D:10     | Found a staircase to the Lair.
  9935 | D:10     | Noticed an elephant
  9948 | D:10     | Reached skill level 5 in Fighting
  9948 | D:10     | Reached skill level 5 in Armour
  9958 | D:10     | Reached XP level 11. HP: 51/63 MP: 0/18
 10079 | D:10     | Reached skill level 5 in Spellcasting
 10143 | D:10     | Reached *** piety under Sif Muna
 10258 | D:10     | Reached skill level 7 in Earth Magic
 10549 | D:10     | Found Ilekkaovi's Weapon Boutique.
 10580 | D:10     | Reached skill level 5 in Conjurations
 10733 | D:10     | Found a runed translucent gate.
 10733 | D:10     | Found a runed translucent gate.
 10734 | D:10     | Found a runed translucent gate.
 10738 | D:10     | Noticed Huibon's ghost (novice DsWr)
 11221 | D:11     | Found a gate leading to a gauntlet.
 11230 | Gauntlet | Entered a Gauntlet
 11230 | Gauntlet | Found a transporter.
 11237 | Gauntlet | Found a transporter.
 11239 | Gauntlet | Found a transporter.
 11247 | Gauntlet | Found a runed translucent door.
 11250 | Gauntlet | Found a transporter.
 11253 | Gauntlet | Found a transporter.
 11256 | Gauntlet | Noticed a death drake
 11260 | Gauntlet | Found a transporter.
 11275 | Gauntlet | Found a transporter.
 11278 | Gauntlet | Noticed a dire elephant
 11288 | Gauntlet | Found a transporter.
 11292 | Gauntlet | Noticed a balrug
 11295 | Gauntlet | Found a transporter.
 11309 | Gauntlet | Found a transporter.
 11319 | Gauntlet | Found a transporter.
 11319 | Gauntlet | Found a transporter.
 11364 | Gauntlet | Noticed a cyan ugly thing
 11364 | Gauntlet | Noticed a great orb of eyes
 11365 | Gauntlet | Found a transporter.
 11379 | Gauntlet | Found a transporter.
 11566 | Gauntlet | Got a crude robe
 11592 | Gauntlet | Identified the +1 robe of Misanthropy {Regen+ Dex+3 Stlth-}
                  | (You found it in a Gauntlet)
 11841 | Gauntlet | Got a pair of fine boots
 11858 | Gauntlet | Killed a death drake
 11858 | Gauntlet | Reached **** piety under Sif Muna
 11897 | Gauntlet | Identified the +2 pair of boots "Yfoteargh" {Str+6 Slay+2}
                  | (You found it in a Gauntlet)
 11919 | Gauntlet | Noticed a minotaur
 11929 | Gauntlet | Killed a minotaur
 12301 | D:11     | Reached skill level 5 in Invocations
 12685 | D:11     | Noticed a five-headed hydra
 12689 | D:11     | Noticed a brown ugly thing
 12696 | D:11     | Killed a one-headed hydra
 12696 | D:11     | Reached XP level 12. HP: 61/69 MP: 19/20
 13159 | D:12     | Reached skill level 5 in Throwing
 13227 | D:12     | Noticed Frances
 13230 | D:12     | Noticed a sun demon
 13238 | D:12     | Killed Frances
 13238 | D:12     | Reached skill level 5 in Dodging
 13238 | D:12     | Reached skill level 8 in Earth Magic
 13256 | D:12     | Reached ***** piety under Sif Muna
 13309 | D:12     | Identified Sif Muna's Papyrus of Destructive Displacement
                  | (Sif Muna gifted it to you on level 12 of the Dungeon)
 13309 | D:12     | Received a gift from Sif Muna
 13466 | D:12     | Reached skill level 5 in Transmutations
 13522 | D:12     | Noticed a two-headed ogre
 13530 | D:12     | Killed a two-headed ogre
 13651 | D:12     | Learned a level 6 spell: Iron Shot
 13653 | D:12     | Learned a level 1 spell: Apportation
 13680 | D:12     | Found a portal to a secret trove of treasure.
 13774 | D:12     | Learned a level 3 spell: Mephitic Cloud
 14259 | D:13     | Noticed a deep troll earth mage
 14262 | D:13     | Found the +9 heavy crossbow "Sniper" {velocity, Acc+∞ SInv}
 14300 | D:13     | Found Neuxy's Antique Weapon Shoppe.
 14320 | D:13     | Bought a crystal shortbow for 216 gold pieces
 14320 | D:13     | Identified the cursed +2 shortbow "Deozaiq" {freeze, MR-
                  | Str+5} (You bought it in a shop on level 13 of the Dungeon)
 14363 | D:13     | Found a shimmering blue altar of Sif Muna.
 14367 | D:13     | Found a transporter.
 14399 | D:13     | Reached XP level 13. HP: 71/76 MP: 22/22
 14455 | D:13     | Reached skill level 1 in Poison Magic
 14484 | D:13     | Reached skill level 1 in Air Magic
 14716 | D:13     | Reached skill level 5 in Evocations
 14765 | D:13     | Reached skill level 5 in Axes
 14800 | D:13     | Received a gift from Sif Muna
 14854 | D:13     | Noticed a bone dragon
 14855 | D:13     | Found the +9 sword of Zonguldrok {reap}
 14884 | D:13     | Killed a bone dragon
 14884 | D:13     | Reached skill level 5 in Translocations
 15168 | Orc:1    | Entered Level 1 of the Orcish Mines
 15168 | Orc:1    | Noticed a stone giant
 15242 | Lair:1   | Entered Level 1 of the Lair of Beasts
 15473 | Lair:1   | Reached skill level 9 in Earth Magic
 15504 | Lair:1   | Noticed Joseph
 15516 | Lair:1   | Killed Joseph
 16441 | Lair:2   | Reached skill level 1 in Long Blades
 16524 | Lair:2   | Gained mutation: Your large and strong wings let you fly
                  | indefinitely. [Gargoyle growth]
 16524 | Lair:2   | Reached XP level 14. HP: 84/84 MP: 24/24
 16534 | Lair:2   | Identified Sif Muna's Spellcraft, Part Three (Sif Muna
                  | gifted it to you on level 2 of the Lair of Beasts)
 16534 | Lair:2   | Received a gift from Sif Muna
 16575 | Lair:2   | Learned a level 3 spell: Regeneration
 16915 | Lair:3   | Found a staircase to the Snake Pit.
 17362 | Lair:3   | Reached skill level 1 in Charms
 17732 | Lair:4   | Reached skill level 1 in Necromancy
 18022 | Lair:4   | Found a staircase to the Swamp.
 18181 | Lair:4   | Got a dazzling leather armour
 18866 | Lair:5   | Identified Beckoab's Catalogue of Freezing Combat Magic
                  | (Sif Muna gifted it to you on level 5 of the Lair of
                  | Beasts)
 18866 | Lair:5   | Received a gift from Sif Muna
 18931 | Lair:5   | Got a transparent scimitar
 18933 | Lair:5   | Identified the +6 scimitar "Upeugan" {elec, Int+4} (You
                  | found it on level 5 of the Lair of Beasts)
 19097 | Lair:5   | Got a shimmering arbalest
 19108 | Lair:5   | Identified the +1 leather armour of Youthful Indiscretion
                  | {Str+5 Int-3} (You found it on level 4 of the Lair of
                  | Beasts)
 19125 | Lair:5   | Identified the cursed +1 arbalest of Yneqol {venom, Int+4}
                  | (You found it on level 5 of the Lair of Beasts)
 19509 | D:4      | Bought a scroll of teleportation for 36 gold pieces
 19671 | D:12     | You paid a toll of 13 scrolls of teleportation to enter a
                  | treasure trove
 19672 | Trove    | Entered a treasure trove
 19688 | Trove    | Identified Sif Muna's Incunabulum of Shifting Air
 19745 | Trove    | Identified Sif Muna's Spellcraft in Simple Steps
 19748 | Trove    | Identified the Papyrus of Heat and Necromancy
 20774 | Lair:6   | Entered Level 6 of the Lair of Beasts
 21056 | Lair:6   | Reached skill level 1 in Crossbows
 21240 | Lair:6   | Found a staircase to the Slime Pits.
 21732 | Lair:6   | Reached XP level 15. HP: 91/91 MP: 25/25
 21871 | Lair:6   | Found a large runed translucent door.
 21873 | Lair:6   | Found a large runed translucent door.
 22534 | Orc:1    | Noticed an orc warlord
 23044 | D:14     | Got a transparent dagger
 23045 | D:14     | Identified the +5 dagger of Melee {antimagic, MR++} (You
                  | found it on level 14 of the Dungeon)
 23450 | D:14     | Identified Faix's Grimoire of Fiery Calling (Sif Muna
                  | gifted it to you on level 14 of the Dungeon)
 23450 | D:14     | Received a gift from Sif Muna
 23532 | D:14     | Reached skill level 10 in Fighting
 23581 | D:14     | Found a gate to the Vaults.
 23646 | D:14     | Noticed Azrael
 23667 | D:14     | Killed Azrael
 24052 | D:15     | Entered Level 15 of the Dungeon
 24088 | D:15     | Reached skill level 10 in Earth Magic
 24472 | D:15     | Reached skill level 5 in Poison Magic
 24758 | D:15     | Reached XP level 16. HP: 70/98 MP: 8/27
 24977 | D:15     | Found a staircase to the Depths.
 25311 | Orc:1    | Found Unuoma's Antique Weapon Boutique.
 25521 | Orc:1    | Identified Sif Muna's Disquisition on Enchanting
                  | Transformation (Sif Muna gifted it to you on level 1 of the
                  | Orcish Mines)
 25521 | Orc:1    | Received a gift from Sif Muna
 25819 | Orc:2    | Entered Level 2 of the Orcish Mines
 25847 | Orc:2    | Found a burning altar of Makhleb.
 25872 | Orc:2    | Found a roughly hewn altar of Beogh.
 25877 | Orc:2    | Found Cadwoecy's Gadget Emporium.
 25951 | Orc:2    | Found a transporter.
 25964 | Orc:2    | Noticed Delamore's ghost (journeyman HOFi)
 25965 | Orc:2    | Found a transporter.
 25999 | Orc:2    | Found a roughly hewn altar of Beogh.
 26022 | Orc:2    | Identified the +11 dire flail "Ytei" {crush, Str+4}
 26275 | Orc:2    | Found a bloodstained altar of Trog.
 26551 | Orc:2    | Found a staircase to the Elven Halls.
 26581 | Orc:2    | Identified Sif Muna's Reference Book on Creative
                  | Displacement (Sif Muna gifted it to you on level 2 of the
                  | Orcish Mines)
 26581 | Orc:2    | Received a gift from Sif Muna
 26848 | Orc:2    | Found Jumeaj's Antique Armour Shoppe.
 26886 | Orc:2    | Found a roughly hewn altar of Beogh.
 26887 | Orc:2    | Found Giluisuv's Antique Weapon Emporium.
 26907 | Orc:2    | Bought a smoking plate armour for 728 gold pieces
 26907 | Orc:2    | Bought a slimy leather armour for 182 gold pieces
 26917 | Orc:2    | Identified the cursed +0 plate armour of Guitaat {rCorr}
                  | (You bought it in a shop on level 2 of the Orcish Mines)
 26930 | Orc:2    | Identified the cursed +1 leather armour of Nulill {+Inv MR+
                  | Int-4} (You bought it in a shop on level 2 of the Orcish
                  | Mines)
 27117 | Orc:2    | Noticed Maurice
 27126 | Orc:2    | Killed Maurice
 27139 | Orc:2    | Found a roughly hewn altar of Beogh.
 27182 | Orc:2    | Found a roughly hewn altar of Beogh.
 27227 | Orc:2    | Found a roughly hewn altar of Beogh.
 27229 | Orc:2    | Found Tanopta's Jewellery Shop.
 27237 | Orc:2    | Bought the ring "Etouph" {Wiz Int+5} for 760 gold pieces
 27251 | Orc:2    | Found a roughly hewn altar of Beogh.
 27388 | Orc:2    | Found a roughly hewn altar of Beogh.
 27727 | D:10     | Killed Huibon's ghost
 28010 | D:13     | Found a transporter.
 28270 | Swamp:1  | Entered Level 1 of the Swamp
 28369 | Swamp:1  | Identified Sif Muna's Collected Works on Dusty Arcane
                  | Weapons (Sif Muna gifted it to you on level 1 of the Swamp)
 28369 | Swamp:1  | Received a gift from Sif Muna
 28550 | Swamp:1  | Reached skill level 1 in Short Blades
 29369 | Swamp:2  | Reached skill level 5 in Long Blades
 29404 | Swamp:2  | Reached skill level 5 in Air Magic
 29423 | Swamp:2  | Found a shimmering altar of Xom.
 29431 | Swamp:2  | Reached XP level 17. HP: 51/104 MP: 18/29
 30355 | Swamp:4  | Entered Level 4 of the Swamp
 30987 | Swamp:4  | Received a gift from Sif Muna
 31182 | Swamp:4  | Reached skill level 11 in Earth Magic
 31312 | Swamp:4  | HP: 5/104 [five-headed hydra simulacrum (13)]
 31429 | Swamp:4  | Got a decaying rune of Zot
 31640 | Snake:1  | Entered Level 1 of the Snake Pit
 31758 | Snake:1  | Found Yshrooquh's Book Emporium.
 32212 | Snake:1  | You are sucked into a shaft and drop 1 floor!
 32508 | Snake:2  | Found Ihixuar's Jewellery Emporium.
 32685 | Snake:2  | Reached skill level 5 in Crossbows
 32887 | Snake:2  | Reached skill level 5 in Charms
 33723 | Snake:3  | Noticed Nikola
 33732 | Snake:3  | Killed Nikola
 33752 | Snake:3  | Identified Sif Muna's Incunabulum of the Unstable Arsonist
                  | (Sif Muna gifted it to you on level 3 of the Snake Pit)
 33752 | Snake:3  | Received a gift from Sif Muna
 33771 | Snake:3  | Learned a level 4 spell: Summon Lightning Spire
 33853 | Snake:3  | Found Vusoinil's Book Boutique.
 33863 | Snake:3  | Bought a book of Power for 765 gold pieces
 33868 | Snake:3  | Reached skill level 5 in Necromancy
 33872 | Snake:3  | Noticed Bai Suzhen
 33893 | Snake:3  | Killed Bai Suzhen
 33893 | Snake:3  | Reached XP level 18. HP: 55/110 MP: 3/30
 34081 | Snake:3  | Found Xeubb's General Store.
 34103 | Snake:3  | Reached skill level 1 in Summonings
 34662 | Snake:4  | Entered Level 4 of the Snake Pit
 34827 | Snake:4  | Reached skill level 5 in Short Blades
 34981 | Snake:4  | Reached skill level 10 in Conjurations
 35398 | Snake:4  | Got a serpentine rune of Zot
 35616 | Snake:4  | Reached skill level 10 in Invocations
 35633 | Snake:4  | Received a gift from Sif Muna
 36584 | Vaults:1 | Entered Level 1 of the Vaults
 36952 | Vaults:1 | Reached skill level 12 in Earth Magic
 37151 | Vaults:1 | Reached XP level 19. HP: 113/116 MP: 24/32
 37185 | Vaults:1 | Identified a scroll of acquirement
 37188 | Vaults:1 | Got a slimy bronze amulet
 37189 | Vaults:1 | Identified the amulet "Boasch" {+Rage rElec rC- rN+ Int+6}
                  | (You acquired it on level 1 of the Vaults)
 38061 | Vaults:2 | Noticed Sojobo
 38159 | Vaults:2 | Found Bulugapp's Antique Weapon Shoppe.
 38469 | Elf:1    | Entered Level 1 of the Elven Halls
 38841 | Elf:1    | Found Tipuada's Magic Scroll Shoppe.
 38849 | Elf:1    | Found Xates's Jewellery Emporium.
 38851 | Elf:1    | Bought a scroll of enchant armour for 97 gold pieces
 38852 | Elf:1    | Found the +6 arbalest "Damnation" {damnation}
 39261 | Elf:1    | Found a shimmering blue altar of Sif Muna.
 39296 | Elf:1    | Received a gift from Sif Muna
 39321 | Elf:1    | Identified the Reference Book on Illusion
 39433 | Elf:1    | Got a pitted graven amulet
 39435 | Elf:1    | Identified the amulet of the Camelopard {Acrobat Dex+3}
                  | (You acquired it on level 1 of the Elven Halls)
 39876 | Elf:2    | Found Fatt's Distillery.
 39885 | Elf:2    | Bought a potion of heal wounds for 70 gold pieces
 39885 | Elf:2    | Bought a potion of heal wounds for 70 gold pieces
 40004 | Elf:2    | Found a runed translucent gate.
 40004 | Elf:2    | Found a runed translucent gate.
 40004 | Elf:2    | Found a runed translucent gate.
 40045 | Elf:2    | Reached XP level 20. HP: 58/122 MP: 2/33
 40687 | Elf:3    | Entered Level 3 of the Elven Halls
 40752 | Elf:3    | Cast into level 4 of the Abyss (a deep elf sorcerer)
 40886 | Abyss:4  | Found a hide-covered altar of Uskayaw.
 40895 | Abyss:5  | Entered Level 5 of the Abyss
 40951 | Elf:3    | Escaped the Abyss
 41003 | Elf:3    | Found a runed translucent gate.
 41227 | Elf:3    | Reached XP level 21. HP: 126/127 MP: 34/34
 41478 | Elf:3    | Received a gift from Sif Muna
 41489 | Elf:3    | Learned a level 8 spell: Controlled Blink
 41527 | Elf:3    | Identified the ring of Wiesuthre {rC+ Int+3 Dex+5}
 41818 | Elf:3    | Identified the amulet "Ovvas" {Faith rPois}
 41864 | Elf:3    | Identified the +4 scale mail "Giuracra" {Str+6} (You found
                  | it on level 3 of the Elven Halls)
 41911 | Elf:3    | Found the +3 pair of gauntlets of War {Slay+5}
 41936 | Elf:3    | Identified the +9 shortbow "Utorr" {freeze, Fragile rPois
                  | rC+ MR+} (You found it on level 3 of the Elven Halls)
 42097 | Elf:3    | Found a runed translucent gate.
 42098 | Elf:3    | Found a runed translucent gate.
 42100 | Elf:3    | Found an iron altar of Okawaru.
 42100 | Elf:3    | Noticed ReteAZ's ghost (adept GrFi)
 42191 | Elf:3    | Found Lisirr's Antique Armour Emporium.
 42199 | Elf:3    | Bought a steaming ring mail for 270 gold pieces
 42199 | Elf:3    | Identified the +5 ring mail "Oklotioff" {rCorr} (You bought
                  | it in a shop on level 3 of the Elven Halls)
 42281 | Elf:3    | Identified the ring of Due Proportion {Fire rPois SInv}
 42988 | Slime:1  | Entered Level 1 of the Pits of Slime
 43354 | Slime:2  | Reached skill level 13 in Earth Magic
 43500 | Slime:2  | Reached skill level 10 in Crossbows
 44569 | Slime:4  | Reached skill level 5 in Summonings
 44645 | Slime:4  | Received a gift from Sif Muna
 44680 | Slime:4  | Reached XP level 22. HP: 57/133 MP: 6/35
 44771 | Slime:4  | Reached skill level 10 in Spellcasting
 45301 | Slime:5  | Entered Level 5 of the Pits of Slime
 45303 | Slime:5  | Gained mutation: You are partially covered in rugged brown
                  | scales. (AC +1, +3% HP) [a shining eye]
 45669 | Slime:5  | Found a viscous altar of Jiyva.
 45672 | Slime:5  | Found the ring of Phasing {EV+8}
 45691 | Slime:5  | Noticed the Royal Jelly
 45798 | Slime:5  | HP: 1/136 [acid[the Royal Jelly] (11)]
 45799 | Slime:5  | Slain by an azure jelly

Levels and vault maps discovered:
D:1:      lightli_arrival_flooded_house, layout_loops_ring, minmay_misc_feat_chi
D:2:      layout_rooms, solitary_fountain, nicolae_tso_swordbearing_angel,
          uniq_robin
D:3:      corexii_shack_village, layout_rooms, first_ration, chequers_jeans
D:4:      layout_gridville, serial_shops, shop_fountains, serial_glass,
          glass_columns_a, glass_columns_b, glass_columns_a, uniq_blork_the_orc,
          uniq_ijyb, uniq_edmund
D:5:      layout_loops_corners, nicolae_overflow_crystal_walls,
          grunt_gozag_statues, uniq_menkaure
D:6:      layout_basic, old_standard_altar, nicolae_temple_entry_ecumenical
D:7:      layout_basic, lemuel_mausoleum_altar_kikubaaqudgha,
          kennysheep_mini_moat, item_on_display_b
D:8:      layout_cave_pods, overflow_temple_1_default, grunt_livestock
D:9:      layout_loops_ring, fedhas_altar_1, david_orc_3, special_room
          [special_room_orc], uniq_pikel
D:10:     layout_loops_corners, david_lair_generic, serial_shops,
          nicolae_shop_statue_plus, gammafunk_ghost_spectres,
          chequers_serial_rivers_small_3
D:11:     layout_basic, gauntlet_entry_generic
D:12:     layout_loops_ring, nicolae_trove_entry_diagonal, grunt_tough_drop,
          uniq_frances
D:13:     gammafunk_sealed_library, layout_rooms, serial_shops, shop,
          minmay_guarded_unrand_zonguldrok
D:14:     layout_small_grid, david_vaults_4, nrook_mini_backslash, uniq_azrael
D:15:     hangedman_depths_entry_civil_slaughter, layout_rooms,
          chequers_serial_rivers_micro_a, hangedman_parallel_progression
Temple:   minmay_freezing_vapour_temple
Lair:1:   layout_long_grid, grunt_megastairs_4, uniq_joseph
Lair:2:   layout_loops_ring, zaba_antful_of_joy, infiniplex_staircase_pool
Lair:3:   layout_regular_city, minmay_snake_entry_guardpost_small,
          nicolae_lair_grove_arrangements, grunt_megastairs_1
Lair:4:   layout_regular_city, minmay_swamp_entry_reptiles, serial_bayou_ford_a,
          grunt_forest_stairs_clearing, lemuel_fruit_tree
Lair:5:   layout_cave_pods, grunt_megastairs_2
Lair:6:   cheibrodos_lair_end_hotspot, layout_layer_cave,
          minmay_slime_entry_oklob_enclosed, minivault_11, pond,
          serial_bayou_shore_b
Swamp:1:  layout_basic_swamp, hangedman_swamp_ruin_wall, swamp_pool3
Swamp:2:  layout_basic_swamp, hangedman_swamp_cone, swamp_pool2,
          hangedman_swamp_blocks, nicolae_swamp_fairy_circle,
          lemuel_altar_in_water
Swamp:3:  layout_basic_swamp, evilmike_swamp_ruin_house_6
Swamp:4:  swamp_icy, layout_basic_swamp
Snake:1:  layout_rooms, serial_shops, nicolae_shop_competitors_out_of_business
Snake:2:  layout_layer_cave, st_stairs_8, drop_trap,
          minmay_shop_enchanted_jewellery
Snake:3:  layout_concentric_octagons, serial_shops, shop_fountains,
          nicolae_shop_behind_doors, special_room,
          portal_ice_cave_entry_pillars_three, uniq_bai_suzhen, uniq_nikola
Snake:4:  snake_pit, layout_layer_cave, serial_bayou_shore_a,
          grunt_megastairs_5, serial_bayou_shore_b
Slime:1:  layout_caves, nicolae_slime_ancient_tower_intersection
Slime:2:  layout_caves
Slime:3:  layout_caves
Slime:4:  layout_caves
Slime:5
Orc:1:    layout_caves, serial_shops, shop
Orc:2:    grunt_orc_community_town_hall, layout_caves,
          grunt_orc_community_big_house_1, grunt_orc_community_big_house_2,
          grunt_orc_community_house_1, grunt_orc_community_house_1,
          grunt_orc_community_house_3, grunt_orc_community_house_2,
          grunt_orc_community_house_3, gammafunk_ghost_smash,
          hangedman_feature_mirror, uniq_maurice
Elf:1:    eino_elf_arrival_sip, layout_geoelf_grid, basic_altar,
          minmay_elf_demonology, minmay_misc_feat_cross, grunt_ministairs_12,
          minmay_shoptagon
Elf:2:    layout_geoelf_grid, serial_shops, shop
Elf:3:    minmay_elf_hall_not_hex, layout_onion_city,
          gammafunk_ghost_fury_of_okawaru, serial_shops, nicolae_shop_crystal,
          st_stairs_10
Vaults:1: hangedman_vaults_capsules, vaults_room_hallway,
          vaults_standard_mumra_lines, vaults_room_pools,
          vaults_room_grunt_arrival_ludios, vaults_room_fours, v_misc_14,
          nicolae_vaults_shelves_hall, ontoclasm_vaults_shuriken,
          layout_vaults_big_room
Vaults:2: ontoclasm_vaults_fault, nicolae_vaults_little_squares_6,
          sword_in_stone, v_alt_pattern_6, vaults_room_fours,
          hangedman_vaults_impose, v_misc_18, ontoclasm_vaults_pinch,
          layout_vaults_omnigrid, serial_shops, shop, shop, shop

Skill      XL: |  1  2  3  4  5  6  7  8  9 10 11 12 13 14 15 16 17 18 19 20 21 22 |
---------------+-------------------------------------------------------------------+-----
Transmutations | 1 2 3 4 5 |  5.0
Fighting       | 1 2 3 4 5 7 8 9 10 11 12 | 12.7
Armour         | 1 2 3 4 5 6 7 8 9 |  9.9
Conjurations   | 1 2 3 4 5 6 7 8 9 10 11 | 11.6
Earth Magic    | 4 5 6 7 8 9 10 11 12 13 | 13.3
Dodging        | 2 3 4 5 6 7 8 9 |  9.3
Stealth        | 3 4 5 6 7 8 |  8.6
Throwing       | 1 2 3 4 5 6 |  6.0
Spellcasting   | 3 4 5 6 7 8 9 10 | 10.1
Invocations    | 1 2 3 4 5 6 7 8 9 10 11 | 11.4
Evocations     | 1 2 3 4 5 6 7 8 9 |  9.8
Axes           | 1 2 3 4 5 6 7 8 9 |  9.6
Translocations | 1 2 3 4 5 |  5.9
Shields        | 1 2 4 |  4.0
Poison Magic   | 2 4 5 |  5.0
Air Magic      | 2 3 4 5 |  5.0
Long Blades    | 1 3 4 5 6 7 8 |  8.1
Charms         | 2 3 4 5 |  5.0
Necromancy     | 2 3 4 5 |  5.0
Crossbows      | 1 3 4 5 7 9 10 | 10.2
Short Blades   | 1 4 6 7 8 9 |  9.2
Summonings     | 2 3 4 5 |  5.4
Maces & Flails | |  0.1

Action                   |  1- 3 |  4- 6 |  7- 9 | 10-12 | 13-15 | 16-18 | 19-21 | 22-24 || total
-------------------------+-------+-------+-------+-------+-------+-------+-------+-------++-------
Melee: Short sword       |    99 |       |       |       |       |       |       |       ||    99
       Whip              |     4 |       |       |       |       |       |       |       ||     4
       Dagger            |     2 |    41 |       |       |       |       |       |       ||    43
       Hand axe          |       |    62 |       |       |       |       |       |       ||    62
       Flail             |       |     4 |     5 |       |       |       |       |       ||     9
       War axe           |       |       |   270 |   564 |   143 |   128 |   111 |       ||  1216
       Double sword      |       |       |       |       |   630 |   404 |   201 |    89 ||  1324
       Scimitar          |       |       |       |       |     9 |       |       |       ||     9
 Fire: Arbalest          |       |       |       |       |     3 |       |   191 |    18 ||   212
       Heavy crossbow    |       |       |       |       |       |   408 |    17 |       ||   425
Throw: Dart              |       |     2 |       |     8 |    21 |    37 |     9 |       ||    77
       Javelin           |       |     3 |       |       |       |       |       |       ||     3
       Stone             |       |     1 |     1 |       |       |       |       |       ||     2
       Boomerang         |       |       |     3 |     3 |       |       |       |       ||     6
 Cast: Sandblast         |    22 |    25 |   108 |    22 |       |    39 |       |       ||   216
       Stone Arrow       |       |       |       |   222 |   155 |    76 |       |       ||   453
       Lee's Rapid Decon |       |       |       |     7 |    92 |    84 |    26 |     3 ||   212
       Blink             |       |       |       |     2 |    11 |     2 |       |     1 ||    16
       Regeneration      |       |       |       |       |     3 |     4 |     6 |     3 ||    16
       Mephitic Cloud    |       |       |       |       |     1 |     2 |     3 |       ||     6
       Iron Shot         |       |       |       |       |       |    50 |    86 |    30 ||   166
       Apportation       |       |       |       |       |       |     5 |       |       ||     5
       Summon Lightning  |       |       |       |       |       |    10 |     2 |     1 ||    13
Invok: Channel Magic     |       |       |       |     1 |     8 |    14 |     2 |     1 ||    26
 Abil: Fly               |       |       |       |       |       |     1 |       |       ||     1
       Stop Flying       |       |       |       |       |       |       |     1 |       ||     1
Evoke: Wand              |       |       |     1 |    18 |       |    25 |       |     4 ||    48
       Lamp of fire      |       |       |       |     1 |     2 |     7 |     1 |     1 ||    12
       Box of beasts     |       |       |       |       |     3 |       |       |       ||     3
       Phial of floods   |       |       |       |       |       |     6 |     4 |     1 ||    11
       Fan of gales      |       |       |       |       |       |     4 |       |       ||     4
  Use: Scroll            |     5 |     4 |     7 |    14 |    16 |    16 |    13 |       ||    75
       Potion            |       |       |       |       |       |    12 |     4 |     1 ||    17
 Stab: Sleeping          |     3 |       |       |    17 |    23 |     3 |     2 |       ||    48
       Distracted        |       |       |       |       |     7 |     5 |     1 |       ||    13
       Petrified         |       |       |       |       |     2 |       |       |       ||     2
       Paralysed         |       |       |       |       |       |     3 |       |       ||     3
  Eat: Chunk             |     2 |     6 |    10 |    33 |    26 |    40 |    20 |       ||   137
       Ration            |       |       |     3 |     1 |    12 |    12 |    10 |     3 ||    41
Armor: Robe              |    16 |       |       |       |       |       |       |       ||    16
       Leather armour    |    29 |    21 |       |       |       |       |       |       ||    50
       Scale mail        |       |    53 |   265 |    32 |       |       |       |       ||   350
       Troll leather arm |       |       |       |   385 |   807 |   954 |   314 |   163 ||  2623
Dodge: Dodged            |    91 |    57 |   159 |   507 |   812 |  1017 |   281 |   165 ||  3089
Block: Buckler           |       |       |    32 |   159 |   293 |   105 |    68 |       ||   657
       Rpst.: Double sword |       |       |       |       |   170 |    71 |    40 |    35 ||   316
